 Dungeon Crawl Stone Soup version 0.29.0-4-gdea44cf6ec (webtiles) character file.

Game seed: 9579180927414152657

33490 qw the Severer (level 13, -1/122 HPs)
             Began as a Minotaur Berserker on Sept 4, 2022.
             Was a Priest of Trog.
             Succumbed to Nessos's poison
             ... on level 3 of the Lair of Beasts.
             The game lasted 00:05:13 (16033 turns).

qw the Severer (Minotaur Berserker)                Turns: 16033, Time: 00:05:14

Health: -1/122     AC: 17    Str: 26    XL:     13   Next: 37%
Magic:  12/12      EV: 15    Int:  4    God:    Trog [***...]
Gold:   790        SH: 13    Dex: 15    Spells: 12/12 levels left

rFire   . . .      SeeInvis +   Y - +0 war axe (venom)
rCold   . . .      Faith    .   d - +0 kite shield
rNeg    . . .      Spirit   .   v - +1 chain mail of the Forest {Regen+ Dex+4}
rPois   .          Reflect  .   (helmet restricted)
rElec   .          Harm     .   (no cloak)
rCorr   .          Rampage  .   n - +2 pair of gloves
Will    .....                   b - +0 pair of boots
Stlth   ..........              (no amulet)
HPRegen 1.10/turn               e - +4 ring of evasion
MPRegen 0.13/turn               j - ring of see invisible

@: lethally poisoned (-1 -> -15), on berserk cooldown, slowed, very slow
A: horns 2, retaliatory headbutt
a: Renounce Religion, Berserk, Trog's Hand


You were on level 3 of the Lair of Beasts.
You worshipped Trog.
Trog was most pleased with you.
You visited 2 branches of the dungeon, and saw 15 of its levels.

You collected 1088 gold pieces.
You spent 298 gold pieces at shops.


Innate Abilities, Weirdness & Mutations

You have a pair of horns on your head.
You reflexively headbutt those who attack you in melee.


   Skills:
 + Level 13.4 Fighting
 - Level 16.1 Axes
 - Level 3.1 Throwing
 - Level 10.1 Armour
 - Level 7.0 Dodging
 - Level 13.5 Shields


You had 12 spell levels left.
You didn't know any spells.
Your spell library was empty.

Inventory:

Hand Weapons
 l - a -2 demon whip of venom
 Y - a +0 war axe of venom (weapon)
Missiles
 f - 12 boomerangs (quivered)
Armour
 b - a +0 pair of boots (worn)
 d - a +0 kite shield (worn)
 n - a +2 pair of gloves (worn)
 o - the -2 pair of gloves "Biatag" {-Tele Harm Will+ Str+4}
   (You found it on level 8 of the Dungeon)

   Str:       It affects your strength (+4).
   -Tele:     It prevents most forms of teleportation.
   Harm:      It increases damage dealt and taken.
   Will:      It increases your willpower.
 v - the +1 chain mail of the Forest (worn) {Regen+ Dex+4}
   (You bought it in a shop on level 10 of the Dungeon)

   Dex:       It affects your dexterity (+4).
   Regen:     It increases your rate of health regeneration.
Jewellery
 e - a +4 ring of evasion (left hand)
 g - a ring of fire
 j - a ring of see invisible (right hand)
 p - a ring of positive energy
 u - a ring of willpower
Wands
 m - a wand of digging (4)
Scrolls
 a - 5 scrolls of identify
Potions
 i - 3 potions of might
 k - a potion of haste
 q - 2 potions of curing
 r - a potion of resistance

Dungeon Overview and Level Annotations

Branches:
Dungeon (12/15)            Temple (0/1) D:7            Lair (3/5) D:10
  Swamp (0/4) Lair:3       Spider (0/4) Lair:2          Orc (0/2) D:9

Altars:
Cheibriados
Elyvilon
Fedhas
Kikubaaqudgha
Makhleb
Ru
Trog
Xom
Yredelemnul
The Shining One

Shops:
D:10 [

Annotations:
D:9 4 runed translucent doors
Lair:3 Nessos


Message History

Nessos says, "Even if you were a mare, I'd kill you!"
Nessos shoots an arrow.
You block the arrow. The rime drake bites you.
Nessos mumbles some strange words.
Nessos blinks!
16025 ||| DRINKING potion of heal wounds.
You feel much better.
Your surroundings seem slightly different.
You feel very sick.
You start resting.
You feel sick.
Nessos mumbles some strange words.
Nessos blinks!
Nessos is nearby!
16027 ||| Stepping ~*~*~tactically~*~*~ (hiding).
You feel sick.
You feel sick.
Nessos unwields a +3 longbow of flaming.
It stops flaming.
You block Nessos's attack. Nessos closely misses you. Nessos misses you.
Nessos kicks you but does no damage.
Nessos casts a spell.
Nessos blinks!
Nessos wields a +3 longbow of flaming.
It bursts into flame!
Nessos shoots an arrow.
The arrow hits you! The arrow burns you.
You are more poisoned.
16029 ||| Stepping ~*~*~tactically~*~*~ (hiding).
You feel very sick.
You feel sick.
Nessos unwields a +3 longbow of flaming.
It stops flaming.
You block Nessos's attack. x3; Nessos closely misses you.
You slash Nessos!
Nessos is poisoned.
You headbutt Nessos!
Nessos is moderately wounded.
You feel sick. You block Nessos's attack. Nessos kicks you.
Nessos hits you but does no damage. You block Nessos's attack.
Nessos mumbles some strange words.
Nessos blinks!
You feel sick.
Nessos wields a +3 longbow of flaming.
It bursts into flame!
Nessos shoots an arrow.
The arrow hits you!! The arrow burns you!
You are more poisoned.
Nessos shoots an arrow.
You block the arrow.
Nessos shoots an arrow.
The arrow hits you. The arrow burns you.
You die...

##....###...# ##....:.....#
#.#...####### ##...###....##
###....# #....# #...(.#
###P^...#########...# #....#.
..........#.##.P#....###.#####
.......................#.###
..................c....##..####
....>..........................
.............#@..##............
.....##+#+##......##...........
... .....##.....##.....#.....
.. .....##.....##.....######
......#..8..##.....#
#..8..%.....#..8..##
.....#.....#......#
.........8..%.....##
.##..........%..###


You could see Nessos (fast, very poisoned).

Vanquished Creatures
  Kirke (Lair:3)
  3 hydras
  A catoblepas (Lair:1)
  3 two-headed ogres (D:10)
  Sonja (D:10)
  Nergalle (Lair:1)
  Amaemon (Lair:3)
  Lodul (D:10)
  A skeletal warrior (D:10)
  A bog body (Lair:3)
  2 slime creatures (D:5)
  2 black mambas (Lair:3)
  2 centaur zombies (D:11)
  An orange demon (Lair:3)
  7 cane toads
  4 komodo dragons
  3 rime drakes
  A polar bear (Lair:1)
  2 trolls (D:10)
  4 hornets
  7 dream sheep (Lair:3)
  4 blink frogs (Lair:2)
  2 vampires
  4 wyverns
  33 yaks
  2 wraiths
  4 vampire mosquitoes
  4 steam dragons
  Menkaure (D:6)
  Edmund (D:5)
  2 acid dragons (D:9)
  5 water moccasins
  5 ice beasts
  7 orc warriors
  A sky beast (D:6)
  2 black bears (D:6)
  9 wolves
  8 ogres (D:10)
  3 centaurs
  3 phantoms
  4 kobold brigands
  8 bullfrogs
  2 necrophages
  4 gnoll sergeants
  5 scorpions
  7 wights
  3 howler monkeys
  8 hounds
  10 jellies
  3 gnoll boudas
  8 orc priests
  Ijyb (D:3)
  Terence (D:3)
  2 iguanas
  12 orc wizards
  27 gnolls
  7 adders
  A white imp (D:5)
  A howler monkey simulacrum (D:9)
  An ufetubus (D:5)
  2 worms
  3 dart slugs
  26 orcs
  14 bats
  11 endoplasms
  A giant cockroach (D:4)
  7 goblins
  8 hobgoblins
  11 jackals
  4 quokkas
  7 ball pythons
  2 frilled lizards
  12 kobolds
  4 rats
  A spectral orc (D:9)
  A butterfly (Lair:1)
378 creatures vanquished.

Vanquished Creatures (collateral kills)
  A hydra (Lair:2)
  A cane toad (Lair:2)
  A blink frog (Lair:2)
  An ogre (D:10)
  A gnoll bouda (D:9)
5 creatures vanquished.

Vanquished Creatures (others)
  A rime drake (Lair:3)
  A yak (Lair:3)
  3 humans (Lair:3)
  23 fungi
  20 plants
  9 toadstools (D:5)
57 creatures vanquished.

Grand Total: 440 creatures vanquished

Notes
Turn   | Place    | Note
-------+----------+-------------------------------------------
     0 | D:1      | qw the Minotaur Berserker began the quest for the Orb.
     0 | D:1      | Reached XP level 1. HP: 19/19 MP: 0/0
     0 | D:1      | 0 ||| qw: Version: 0.1-a-103-gd6f5d3a
     0 | D:1      | 0 ||| qw: Game counter: 5678
     0 | D:1      | 0 ||| qw: Always use a shield: true
     0 | D:1      | 0 ||| qw: Do Orc after D:15 true
     0 | D:1      | 0 ||| qw: Do second Lair branch before Depths: true
     0 | D:1      | 0 ||| qw: Lair rune preference: random
     0 | D:1      | 0 ||| qw: Plans: Normal
     0 | D:1      | 0 ||| PLANNING D:1-11
   281 | D:1      | 281 ||| Stepping ~*~*~tactically~*~*~ (hiding).
   383 | D:1      | 383 ||| Stepping ~*~*~tactically~*~*~ (hiding).
   486 | D:1      | Reached skill level 4 in Axes
   496 | D:1      | 496 ||| Stepping ~*~*~tactically~*~*~ (stealth).
   500 | D:1      | 500 ||| Stepping ~*~*~tactically~*~*~ (hiding).
   509 | D:1      | Reached XP level 2. HP: 20/26 MP: 1/1
   643 | D:1      | 643 ||| Stepping ~*~*~tactically~*~*~ (stealth).
   922 | D:1      | 922 ||| Stepping ~*~*~tactically~*~*~ (stealth).
   924 | D:1      | 924 ||| Stepping ~*~*~tactically~*~*~ (stealth).
   936 | D:1      | 936 ||| INVOKING Berserk.
   993 | D:1      | 993 ||| Stepping ~*~*~tactically~*~*~ (stealth).
   994 | D:1      | 994 ||| Stepping ~*~*~tactically~*~*~ (stealth).
   996 | D:1      | 996 ||| Stepping ~*~*~tactically~*~*~ (stealth).
  1031 | D:1      | 1031 ||| Stepping ~*~*~tactically~*~*~ (stealth).
  1032 | D:1      | 1032 ||| Stepping ~*~*~tactically~*~*~ (stealth).
  1075 | D:1      | Reached skill level 5 in Axes
  1076 | D:1      | 1076 ||| Stepping ~*~*~tactically~*~*~ (stealth).
  1129 | D:1      | 1129 ||| DROPPING +0 club.
  1169 | D:1      | Reached XP level 3. HP: 27/31 MP: 2/2
  1437 | D:1      | 1437 ||| UPGRADING to +0 kite shield.
  1442 | D:1      | 1442 ||| READING 3 scrolls labelled LOCLULEOSO.
  1443 | D:1      | 1443 ||| READING 2 scrolls labelled DUOPOOTOXU.
  1444 | D:1      | 1444 ||| READING scroll labelled JOLLAA XAENAOGE.
  1445 | D:1      | 1445 ||| READING scroll labelled FOFE LEANAEH.
  1446 | D:1      | 1446 ||| DRINKING 2 fizzy pink potions.
  1447 | D:1      | 1447 ||| READING 2 scrolls of identify.
  1447 | D:1      | 1447 ||| IDENTIFYING fuming ruby potion
  1448 | D:1      | 1448 ||| DROPPING potion of brilliance.
  1494 | D:2      | Found a blossoming altar of Fedhas.
  1571 | D:2      | Reached ** piety under Trog
  1596 | D:2      | 1596 ||| Stepping ~*~*~tactically~*~*~ (stealth).
  1603 | D:2      | Reached skill level 1 in Shields
  2002 | D:2      | 2002 ||| Stepping ~*~*~tactically~*~*~ (hiding).
  2003 | D:2      | 2003 ||| Stepping ~*~*~tactically~*~*~ (hiding).
  2118 | D:2      | 2118 ||| UPGRADING to +0 leather armour.
  2128 | D:2      | 2128 ||| DROPPING +0 animal skin.
  2129 | D:2      | 2129 ||| UPGRADING to +0 pair of gloves.
  2134 | D:2      | 2134 ||| READING scroll of enchant armour.
  2134 | D:2      | 2134 ||| ENCHANTING +0 pair of gloves.
  2135 | D:2      | 2135 ||| READING scroll labelled RUXKUL CERE.
  2136 | D:2      | 2136 ||| READING scroll labelled YBEUJ HIGUI.
  2139 | D:2      | 2139 ||| READING scroll labelled SIMNAF IL NEMN.
  2140 | D:2      | 2140 ||| READING scroll labelled PIYNEPRO ARGHIS.
  2141 | D:2      | 2141 ||| READING scroll labelled GOPPOBR WOSHRUR.
  2142 | D:2      | 2142 ||| READING 2 scrolls of identify.
  2142 | D:2      | 2142 ||| IDENTIFYING glowing blue potion
  2143 | D:2      | 2143 ||| DROPPING potion of flight.
  2212 | D:3      | 2212 ||| Stepping ~*~*~tactically~*~*~ (hiding).
  2218 | D:3      | Reached XP level 4. HP: 34/39 MP: 3/3
  2263 | D:3      | Reached skill level 3 in Shields
  2268 | D:3      | Noticed Terence
  2269 | D:3      | 2269 ||| Stepping ~*~*~tactically~*~*~ (stealth).
  2273 | D:3      | 2273 ||| INVOKING Berserk.
  2276 | D:3      | Killed Terence
  2389 | D:3      | 2389 ||| DROPPING +0 mace.
  2502 | D:3      | 2502 ||| READING scroll of enchant weapon.
  2502 | D:3      | 2502 ||| ENCHANTING +1 hand axe.
  2524 | D:3      | 2524 ||| Stepping ~*~*~tactically~*~*~ (hiding).
  2525 | D:3      | 2525 ||| Stepping ~*~*~tactically~*~*~ (hiding).
  2566 | D:3      | 2566 ||| READING scroll of enchant armour.
  2566 | D:3      | 2566 ||| ENCHANTING +1 pair of gloves.
  2569 | D:3      | Found a faded altar of an unknown god.
  2710 | D:3      | Noticed Ijyb
  2712 | D:3      | 2712 ||| INVOKING Berserk.
  2716 | D:3      | Killed Ijyb
  2717 | D:3      | Reached XP level 5. HP: 45/45 MP: 4/4
  2931 | D:3      | Found a sacrificial altar of Ru.
  2935 | D:3      | 2935 ||| UPGRADING to +0 scale mail.
  2945 | D:3      | 2945 ||| DROPPING +0 leather armour.
  2946 | D:3      | 2946 ||| UPGRADING to +0 chain mail.
  2956 | D:3      | 2956 ||| DROPPING +0 scale mail.
  2957 | D:3      | 2957 ||| DROPPING amulet of faith.
  2958 | D:3      | 2958 ||| READING scroll labelled CISSYM ISYCH.
  2959 | D:3      | 2959 ||| READING 3 scrolls of identify.
  2959 | D:3      | 2959 ||| IDENTIFYING lumpy orange potion
  2960 | D:3      | 2960 ||| READING 2 scrolls of identify.
  2960 | D:3      | 2960 ||| IDENTIFYING sedimented brown potion
  2961 | D:3      | 2961 ||| DROPPING potion of degeneration.
  2992 | D:4      | 2992 ||| STAIRDANCE
  2999 | D:3      | Reached skill level 6 in Axes
  3001 | D:4      | Found a shimmering altar of Xom.
  3005 | D:4      | Found a burning altar of Makhleb.
  3007 | D:4      | 3007 ||| Stepping ~*~*~tactically~*~*~ (stealth).
  3008 | D:4      | 3008 ||| Stepping ~*~*~tactically~*~*~ (stealth).
  3009 | D:4      | 3009 ||| Stepping ~*~*~tactically~*~*~ (stealth).
  3011 | D:4      | 3011 ||| Stepping ~*~*~tactically~*~*~ (stealth).
  3032 | D:4      | Found a white marble altar of Elyvilon.
  3032 | D:4      | Found a bloodstained altar of Trog.
  3076 | D:4      | 3076 ||| Stepping ~*~*~tactically~*~*~ (stealth).
  3077 | D:4      | 3077 ||| Stepping ~*~*~tactically~*~*~ (stealth).
  3078 | D:4      | 3078 ||| SWAPPING to +0 war axe.
  3079 | D:4      | 3079 ||| DROPPING +2 hand axe.
  3314 | D:4      | Reached XP level 6. HP: 43/51 MP: 5/5
  3392 | D:4      | 3392 ||| DROPPING scarf of invisibility.
  3393 | D:4      | 3393 ||| UPGRADING to +4 ring of evasion.
  3398 | D:5      | Entered Level 5 of the Dungeon
  3398 | D:5      | Noticed an ice beast
  3399 | D:5      | Noticed Edmund
  3401 | D:5      | 3401 ||| INVOKING Berserk.
  3405 | D:5      | Killed an ice beast
  3406 | D:5      | Reached skill level 7 in Axes
  3415 | D:5      | Killed Edmund
  3416 | D:5      | Reached XP level 7. HP: 57/60 MP: 6/6
  3416 | D:5      | 3416 ||| STAIRDANCE
  3517 | D:5      | Identified the +4 ring mail "Boimorr" {+Inv rPois rN+++
                  | Str-4}
  3564 | D:5      | 3564 ||| INVOKING Berserk.
  3623 | D:5      | 3623 ||| INVOKING Berserk.
  3629 | D:5      | Reached *** piety under Trog
  3630 | D:5      | Reached skill level 8 in Axes
  3633 | D:5      | Reached skill level 6 in Shields
  3807 | D:5      | 3807 ||| Stepping ~*~*~tactically~*~*~ (hiding).
  3869 | D:5      | 3869 ||| INVOKING Berserk.
  4049 | D:5      | Reached skill level 9 in Axes
  4049 | D:5      | Reached XP level 8. HP: 67/67 MP: 7/7
  4123 | D:5      | Reached skill level 3 in Armour
  4125 | D:5      | 4125 ||| INVOKING Berserk.
  4363 | D:5      | 4363 ||| INVOKING Berserk.
  4366 | D:5      | Noticed a slime creature
  4366 | D:5      | Noticed a slime creature
  4366 | D:5      | Noticed a slime creature
  4380 | D:5      | Killed a large slime creature
  4381 | D:5      | Reached skill level 10 in Axes
  4381 | D:5      | Killed a slime creature
  4597 | D:5      | Reached XP level 9. HP: 75/75 MP: 8/8
  4652 | D:5      | Reached skill level 6 in Fighting
  4796 | D:5      | 4796 ||| UPGRADING to +4 ring mail "Boimorr" {+Inv rPois
                  | rN+++ Str-4}.
  4806 | D:5      | 4806 ||| READING scroll labelled YFFI KEIGO.
  4807 | D:5      | 4807 ||| DRINKING 3 pink potions.
  4808 | D:5      | 4808 ||| READING 4 scrolls of identify.
  4808 | D:5      | 4808 ||| IDENTIFYING lumpy dark potion
  4809 | D:5      | 4809 ||| READING 3 scrolls of identify.
  4809 | D:5      | 4809 ||| IDENTIFYING amethyst potion
  4810 | D:5      | 4810 ||| DROPPING potion of lignification.
  4811 | D:5      | 4811 ||| DROPPING potion of attraction.
  4852 | D:6      | 4852 ||| Stepping ~*~*~tactically~*~*~ (stealth).
  4853 | D:6      | 4853 ||| Stepping ~*~*~tactically~*~*~ (stealth).
  4858 | D:6      | 4858 ||| INVOKING Berserk.
  4860 | D:6      | Reached skill level 11 in Axes
  5009 | D:6      | 5009 ||| INVOKING Berserk.
  5258 | D:6      | 5258 ||| Stepping ~*~*~tactically~*~*~ (stealth).
  5636 | D:6      | Found a snail-covered altar of Cheibriados.
  5815 | D:6      | Noticed Menkaure
  5816 | D:6      | 5816 ||| Stepping ~*~*~tactically~*~*~ (hiding).
  5819 | D:6      | 5819 ||| INVOKING Berserk.
  5822 | D:6      | Killed Menkaure
  5823 | D:6      | Reached skill level 12 in Axes
  6328 | D:6      | 6328 ||| INVOKING Berserk.
  6531 | D:6      | 6531 ||| DROPPING +0 chain mail.
  6532 | D:6      | 6532 ||| UPGRADING to +0 plate armour.
  6542 | D:6      | 6542 ||| DROPPING +4 ring mail "Boimorr" {+Inv rPois rN+++
                  | Str-4}.
  6543 | D:6      | 6543 ||| READING 2 scrolls labelled FINIDGH WESAAJ.
  6544 | D:6      | 6544 ||| DROPPING scroll of poison.
  6545 | D:6      | 6545 ||| READING scroll of teleportation.
  6593 | D:7      | 6593 ||| INVOKING Berserk.
  6831 | D:7      | Reached skill level 9 in Shields
  6838 | D:7      | 6838 ||| Stepping ~*~*~tactically~*~*~ (stealth).
  6839 | D:7      | 6839 ||| INVOKING Berserk.
  6849 | D:7      | Reached XP level 10. HP: 86/86 MP: 9/9
  6853 | D:7      | Reached skill level 6 in Armour
  6862 | D:7      | 6862 ||| FLEEEEING.
  6863 | D:7      | 6863 ||| FLEEEEING.
  6864 | D:7      | 6864 ||| STAIRDANCE
  6894 | D:6      | 6894 ||| UPGRADING to ring of positive energy.
  6953 | D:7      | Reached **** piety under Trog
  6980 | D:7      | 6980 ||| INVOKING Berserk.
  7102 | D:7      | 7102 ||| Stepping ~*~*~tactically~*~*~ (stealth).
  7108 | D:7      | 7108 ||| Stepping ~*~*~tactically~*~*~ (stealth).
  7109 | D:7      | 7109 ||| Stepping ~*~*~tactically~*~*~ (stealth).
  7111 | D:7      | 7111 ||| Stepping ~*~*~tactically~*~*~ (stealth).
  7131 | D:7      | 7131 ||| Stepping ~*~*~tactically~*~*~ (hiding).
  7134 | D:7      | 7134 ||| Stepping ~*~*~tactically~*~*~ (hiding).
  7199 | D:7      | Found a blossoming altar of Fedhas.
  7250 | D:7      | Found a staircase to the Ecumenical Temple.
  7636 | D:8      | 7636 ||| Stepping ~*~*~tactically~*~*~ (cloud).
  7639 | D:8      | 7639 ||| INVOKING Berserk.
  7641 | D:8      | Reached skill level 13 in Axes
  8080 | D:8      | Identified the -2 pair of gloves "Biatag" {-Tele Harm Will+
                  | Str+4}
  8120 | D:8      | 8120 ||| Stepping ~*~*~tactically~*~*~ (hiding).
  8121 | D:8      | 8121 ||| Stepping ~*~*~tactically~*~*~ (hiding).
  8126 | D:8      | 8126 ||| INVOKING Berserk.
  8422 | D:8      | 8422 ||| Stepping ~*~*~tactically~*~*~ (hiding).
  8454 | D:8      | 8454 ||| Stepping ~*~*~tactically~*~*~ (stealth).
  8491 | D:8      | 8491 ||| Stepping ~*~*~tactically~*~*~ (stealth).
  8492 | D:8      | 8492 ||| Stepping ~*~*~tactically~*~*~ (stealth).
  8498 | D:8      | 8498 ||| FLEEEEING.
  8499 | D:8      | 8499 ||| FLEEEEING.
  8500 | D:8      | 8500 ||| FLEEEEING.
  8501 | D:8      | 8501 ||| FLEEEEING.
  8502 | D:8      | 8502 ||| FLEEEEING.
  8503 | D:8      | 8503 ||| FLEEEEING.
  8504 | D:8      | 8504 ||| FLEEEEING.
  8505 | D:8      | 8505 ||| FLEEEEING.
  8506 | D:8      | 8506 ||| FLEEEEING.
  8507 | D:8      | 8507 ||| FLEEEEING.
  8508 | D:8      | 8508 ||| FLEEEEING.
  8513 | D:8      | 8513 ||| STAIRDANCE
  8670 | D:7      | 8670 ||| UPGRADING to ring of see invisible.
  8672 | D:7      | 8672 ||| READING scroll labelled GUAKUEPLEJ.
  8700 | D:8      | 8700 ||| READING scroll of brand weapon.
  8700 | D:8      | 8700 ||| BRANDING +0 war axe of protection.
  8701 | D:8      | 8701 ||| DROPPING +0 morningstar.
  8754 | D:8      | 8754 ||| FLEEEEING.
  8755 | D:8      | 8755 ||| FLEEEEING.
  8756 | D:8      | 8756 ||| FLEEEEING.
  8757 | D:8      | 8757 ||| FLEEEEING.
  8762 | D:8      | 8762 ||| INVOKING Berserk.
  9237 | D:8      | 9237 ||| READING 2 scrolls of teleportation.
  9268 | D:9      | 9268 ||| STAIRDANCE
  9311 | D:9      | 9311 ||| STAIRDANCE
  9322 | D:8      | Reached skill level 14 in Axes
  9442 | D:9      | 9442 ||| STAIRDANCE
  9482 | D:9      | 9482 ||| Stepping ~*~*~tactically~*~*~ (hiding).
  9490 | D:9      | 9490 ||| STAIRDANCE
  9502 | D:9      | 9502 ||| STAIRDANCE
  9511 | D:9      | 9511 ||| STAIRDANCE
  9560 | D:9      | 9560 ||| Stepping ~*~*~tactically~*~*~ (hiding).
  9561 | D:9      | 9561 ||| Stepping ~*~*~tactically~*~*~ (hiding).
  9562 | D:9      | 9562 ||| Stepping ~*~*~tactically~*~*~ (hiding).
  9601 | D:9      | 9601 ||| Stepping ~*~*~tactically~*~*~ (stealth).
  9616 | D:9      | 9616 ||| Stepping ~*~*~tactically~*~*~ (stealth).
  9620 | D:9      | 9620 ||| Stepping ~*~*~tactically~*~*~ (hiding).
  9622 | D:9      | 9622 ||| INVOKING Berserk.
  9905 | D:9      | 9905 ||| Stepping ~*~*~tactically~*~*~ (stealth).
 10139 | D:9      | 10139 ||| INVOKING Berserk.
 10285 | D:9      | You fall into a shaft and drop 3 floors!
 10322 | D:12     | Reached skill level 3 in Throwing
 10323 | D:12     | Reached XP level 11. HP: 94/94 MP: 10/10
 10398 | D:11     | 10398 ||| INVOKING Berserk.
 10609 | D:10     | Entered Level 10 of the Dungeon
 10609 | D:10     | Noticed a two-headed ogre
 10615 | D:10     | Reached skill level 15 in Axes
 10615 | D:10     | 10615 ||| INVOKING Berserk.
 10621 | D:10     | Killed a two-headed ogre
 10623 | D:10     | Reached skill level 9 in Fighting
 10629 | D:10     | HP: 35/145 [gnoll sergeant/+2 vorpal spear (3)]
 10631 | D:10     | Reached ***** piety under Trog
 10634 | D:10     | HP: 29/145 [gnoll sergeant/+3 spear of distortion (6)]
 10638 | D:10     | Reached skill level 3 in Dodging
 10639 | D:10     | HP: 26/145 [gnoll/+0 spear[a gnoll sergeant] (3)]
 11000 | D:9      | 11000 ||| INVOKING Berserk.
 11152 | D:9      | Found a staircase to the Orcish Mines.
 11203 | D:9      | 11203 ||| Stepping ~*~*~tactically~*~*~ (stealth).
 11302 | D:9      | Found a large runed translucent door.
 11302 | D:9      | Found a large runed translucent door.
 11355 | D:9      | 11355 ||| DRINKING 3 potions of curing.
 11355 | D:9      | 11355 ||| (to cure confusion)
 11363 | D:9      | 11363 ||| Stepping ~*~*~tactically~*~*~ (stealth).
 11395 | D:9      | Noticed a four-headed hydra
 11420 | D:9      | Found a large runed translucent door.
 11421 | D:9      | Found a large runed translucent door.
 11442 | D:9      | 11442 ||| INVOKING Berserk.
 11456 | D:9      | 11456 ||| Stepping ~*~*~tactically~*~*~ (stealth).
 11464 | D:9      | 11464 ||| Stepping ~*~*~tactically~*~*~ (stealth).
 11465 | D:9      | 11465 ||| INVOKING Brothers in Arms.
 11484 | D:9      | 11484 ||| Stepping ~*~*~tactically~*~*~ (stealth).
 11508 | D:9      | 11508 ||| INVOKING Berserk.
 11516 | D:9      | 11516 ||| Stepping ~*~*~tactically~*~*~ (cloud).
 11655 | D:9      | Found a basalt altar of Yredelemnul.
 11830 | D:9      | 11830 ||| UPGRADING to +0 pair of boots.
 11835 | D:9      | 11835 ||| DRINKING 2 fizzy silvery potions.
 11836 | D:9      | 11836 ||| READING 4 scrolls of identify.
 11836 | D:9      | 11836 ||| IDENTIFYING purple potion
 11901 | D:10     | Noticed Sonja
 11902 | D:10     | 11902 ||| INVOKING Brothers in Arms.
 11907 | D:10     | Killed Sonja
 12153 | D:10     | Noticed a two-headed ogre
 12153 | D:10     | Noticed a skeletal warrior
 12154 | D:10     | Noticed a two-headed ogre
 12155 | D:10     | 12155 ||| INVOKING Berserk.
 12165 | D:10     | Killed a skeletal warrior
 12166 | D:10     | Reached skill level 16 in Axes
 12166 | D:10     | Found an ancient bone altar of Kikubaaqudgha.
 12179 | D:10     | Killed a two-headed ogre
 12187 | D:10     | Killed a two-headed ogre
 12453 | D:10     | Found Efay's Armour Shop.
 12459 | D:10     | 12459 ||| BUYING +1 chain mail of the Forest {Regen+ Dex+4}
                  | (298 gold).
 12459 | D:10     | Bought the +1 chain mail of the Forest {Regen+ Dex+4} for
                  | 298 gold pieces
 12576 | D:10     | Found a glowing golden altar of the Shining One.
 12576 | D:10     | Noticed Lodul
 12600 | D:10     | 12600 ||| Stepping ~*~*~tactically~*~*~ (hiding).
 12604 | D:10     | 12604 ||| INVOKING Berserk.
 12719 | D:10     | 12719 ||| UPGRADING to +1 chain mail of the Forest {Regen+
                  | Dex+4}.
 12729 | D:10     | 12729 ||| DROPPING +0 plate armour.
 12730 | D:10     | 12730 ||| READING scroll labelled XUBOLAOFUOT.
 12731 | D:10     | 12731 ||| READING 3 scrolls of teleportation.
 12763 | D:10     | 12763 ||| INVOKING Berserk.
 12767 | D:10     | Killed Lodul
 12773 | D:10     | Reached XP level 12. HP: 106/106 MP: 11/11
 12916 | D:10     | Found a staircase to the Lair.
 12920 | D:10     | 12920 ||| READING 2 scrolls of teleportation.
 12921 | D:10     | 12921 ||| PLANNING LAIR
 12941 | Lair:1   | Entered Level 1 of the Lair of Beasts
 12945 | Lair:1   | Noticed a five-headed hydra
 12948 | Lair:1   | 12948 ||| Stepping ~*~*~tactically~*~*~ (stealth).
 12957 | Lair:1   | 12957 ||| INVOKING Berserk.
 12964 | Lair:1   | Killed a one-headed hydra
 12975 | Lair:1   | Noticed a catoblepas
 12978 | Lair:1   | 12978 ||| INVOKING Brothers in Arms.
 12979 | Lair:1   | 12979 ||| Stepping ~*~*~tactically~*~*~ (cloud).
 12981 | Lair:1   | 12981 ||| Stepping ~*~*~tactically~*~*~ (cloud).
 12989 | Lair:1   | 12989 ||| Stepping ~*~*~tactically~*~*~ (cloud).
 12990 | Lair:1   | 12990 ||| Stepping ~*~*~tactically~*~*~ (cloud).
 12998 | Lair:1   | 12998 ||| Stepping ~*~*~tactically~*~*~ (cloud).
 12999 | Lair:1   | 12999 ||| Stepping ~*~*~tactically~*~*~ (cloud).
 13000 | Lair:1   | Killed a catoblepas
 13100 | Lair:1   | 13100 ||| INVOKING Berserk.
 13312 | Lair:1   | Reached skill level 12 in Shields
 13360 | Lair:1   | 13360 ||| INVOKING Berserk.
 13433 | Lair:1   | 13433 ||| Stepping ~*~*~tactically~*~*~ (stealth).
 13437 | Lair:1   | 13437 ||| Stepping ~*~*~tactically~*~*~ (stealth).
 13529 | Lair:1   | Reached skill level 6 in Dodging
 13625 | Lair:1   | Noticed Nergalle
 13626 | Lair:1   | 13626 ||| INVOKING Berserk.
 13631 | Lair:1   | Killed Nergalle
 13758 | Lair:1   | 13758 ||| READING scroll of brand weapon.
 13758 | Lair:1   | 13758 ||| BRANDING +0 war axe of flaming.
 13955 | Lair:1   | Reached skill level 9 in Armour
 14174 | Lair:1   | 14174 ||| DROPPING +6 ring of intelligence.
 14175 | Lair:1   | 14175 ||| DROPPING ring of magical power.
 14259 | Lair:2   | 14259 ||| Stepping ~*~*~tactically~*~*~ (hiding).
 14273 | Lair:2   | Noticed an eight-headed hydra
 14274 | Lair:2   | 14274 ||| INVOKING Brothers in Arms.
 14275 | Lair:2   | 14275 ||| INVOKING Brothers in Arms.
 14277 | Lair:2   | 14277 ||| SWAPPING to +0 flail.
 14278 | Lair:2   | 14278 ||| INVOKING Brothers in Arms.
 14279 | Lair:2   | 14279 ||| INVOKING Berserk.
 14281 | Lair:2   | Killed an eight-headed hydra
 14290 | Lair:2   | 14290 ||| SWAPPING to +0 war axe of venom.
 14299 | Lair:2   | Reached skill level 12 in Fighting
 14375 | Lair:2   | 14375 ||| INVOKING Berserk.
 14489 | Lair:2   | Noticed a seven-headed hydra
 14490 | Lair:2   | 14490 ||| INVOKING Brothers in Arms.
 14491 | Lair:2   | 14491 ||| INVOKING Brothers in Arms.
 14493 | Lair:2   | 14493 ||| SWAPPING to +0 flail.
 14495 | Lair:2   | 14495 ||| INVOKING Berserk.
 14496 | Lair:2   | Killed a seven-headed hydra
 14506 | Lair:2   | 14506 ||| SWAPPING to +0 war axe of venom.
 14883 | Lair:2   | 14883 ||| Stepping ~*~*~tactically~*~*~ (stealth).
 15016 | Lair:2   | Found a hole to the Spider Nest.
 15260 | Lair:3   | 15260 ||| STAIRDANCE
 15321 | Lair:3   | 15321 ||| Stepping ~*~*~tactically~*~*~ (stealth).
 15333 | Lair:3   | 15333 ||| FLEEEEING.
 15334 | Lair:3   | 15334 ||| FLEEEEING.
 15335 | Lair:3   | 15335 ||| FLEEEEING.
 15336 | Lair:3   | 15336 ||| FLEEEEING.
 15337 | Lair:3   | 15337 ||| FLEEEEING.
 15338 | Lair:3   | 15338 ||| FLEEEEING.
 15339 | Lair:3   | 15339 ||| FLEEEEING.
 15340 | Lair:3   | 15340 ||| FLEEEEING.
 15341 | Lair:3   | 15341 ||| STAIRDANCE
 15357 | Lair:3   | 15357 ||| STAIRDANCE
 15367 | Lair:2   | Reached XP level 13. HP: 105/118 MP: 12/12
 15402 | Lair:3   | 15402 ||| Stepping ~*~*~tactically~*~*~ (hiding).
 15534 | Lair:3   | 15534 ||| Stepping ~*~*~tactically~*~*~ (stealth).
 15536 | Lair:3   | 15536 ||| Stepping ~*~*~tactically~*~*~ (stealth).
 15538 | Lair:3   | Noticed Kirke
 15538 | Lair:3   | 15538 ||| Stepping ~*~*~tactically~*~*~ (stealth).
 15540 | Lair:3   | 15540 ||| Stepping ~*~*~tactically~*~*~ (stealth).
 15548 | Lair:3   | 15548 ||| INVOKING Trog's Hand.
 15549 | Lair:3   | 15549 ||| INVOKING Berserk.
 15556 | Lair:3   | Killed Kirke
 15615 | Lair:3   | Found a staircase to the Swamp.
 15616 | Lair:3   | 15616 ||| Stepping ~*~*~tactically~*~*~ (hiding).
 15674 | Lair:3   | Noticed Amaemon
 15675 | Lair:3   | 15675 ||| Stepping ~*~*~tactically~*~*~ (hiding).
 15680 | Lair:3   | 15680 ||| Stepping ~*~*~tactically~*~*~ (hiding).
 15681 | Lair:3   | 15681 ||| Stepping ~*~*~tactically~*~*~ (hiding).
 15683 | Lair:3   | 15683 ||| INVOKING Berserk.
 15692 | Lair:3   | 15692 ||| DRINKING 3 potions of curing.
 15692 | Lair:3   | 15692 ||| (to cure confusion)
 15701 | Lair:3   | Killed Amaemon
 15781 | Lair:3   | 15781 ||| DROPPING +0 flail.
 15801 | Lair:3   | 15801 ||| INVOKING Berserk.
 16003 | Lair:3   | 16003 ||| INVOKING Brothers in Arms.
 16004 | Lair:3   | 16004 ||| INVOKING Brothers in Arms.
 16007 | Lair:3   | 16007 ||| INVOKING Brothers in Arms.
 16007 | Lair:3   | Noticed Nessos
 16008 | Lair:3   | 16008 ||| INVOKING Brothers in Arms.
 16009 | Lair:3   | 16009 ||| INVOKING Brothers in Arms.
 16010 | Lair:3   | 16010 ||| SWAPPING to -2 demon whip of venom.
 16011 | Lair:3   | 16011 ||| INVOKING Berserk.
 16020 | Lair:3   | 16020 ||| SWAPPING to +0 war axe of venom.
 16023 | Lair:3   | HP: 30/122 [Nessos/arrow (4)]
 16024 | Lair:3   | 16024 ||| READING scroll of teleportation.
 16025 | Lair:3   | 16025 ||| DRINKING potion of heal wounds.
 16027 | Lair:3   | 16027 ||| Stepping ~*~*~tactically~*~*~ (hiding).
 16029 | Lair:3   | 16029 ||| Stepping ~*~*~tactically~*~*~ (hiding).
 16032 | Lair:3   | HP: 17/122 [Nessos/arrow (22)]
 16032 | Lair:3   | HP: 7/122 [Nessos/arrow (10)]
 16033 | Lair:3   | Succumbed to Nessos's poison

Levels and vault maps discovered:
D:1:      tarquinn_simple_flora_water_d, layout_loops_cross,
          minmay_three_crescents
D:2:      layout_basic, basic_altar
D:3:      layout_rooms, nicolae_ru_the_path_less_chosen,
          hellmonk_ecumenical_altar_defaced_shrine, uniq_terence, uniq_ijyb
D:4:      layout_rooms, grunt_temple_overflow_open
D:5:      cheibrodos_fertilizer, layout_rooms, minmay_crossroads, uniq_edmund
D:6:      layout_layer_cave, lemuel_crystal_altar, uniq_menkaure
D:7:      layout_rooms, fedhas_altar_fruit_tree, minmay_temple_entry_large_hall,
          serial_glass, glass_columns_c, glass_columns_b, glass_columns_a,
          glass_columns_c, glass_columns_c, feat_on_display, roderic_batcave,
          minmay_misc_feat_square, dk_noncrumbling_4, grunt_ministairs_6
D:8:      layout_loops_corners, serial_rivers, chequers_serial_rivers_micro_c,
          chequers_serial_rivers_micro_a, chequers_serial_rivers_small_a,
          chequers_serial_rivers_micro_b, chequers_serial_rivers_micro_b,
          enter_bailey_4
D:9:      layout_loops_ring, yredelemnul_forgotten_temple_becter, orc_0_dummy,
          kennysheep_minor_cross, minmay_hollow_rounded_squares
D:10:     layout_cross, tso_metal_star, lair_entry_dummy, serial_shops,
          kennysheep_little_box, serial_column_ruins, column_ruins_hut_pillars,
          column_ruins_grid_4, column_ruins_grid_1,
          column_ruins_columns_straight, column_ruins_open_tiny,
          column_ruins_open_small, minmay_ruined_shrine, uniq_sonja, uniq_lodul
D:11:     minmay_bloctagon, layout_rooms, serial_undead, serial_undead_f,
          serial_undead_c, serial_undead_e, serial_undead_e, grunt_ministairs_7
D:12:     kennysheep_snake, layout_irregular_city,
          nicolae_qazlal_scattered_showers
Lair:1:   layout_loops_ring, lemuel_fruit_fields, serial_bayou_shore_b,
          uniq_nergalle
Lair:2:   layout_long_grid, spider_nest_entry_web_field, minmay_holes
Lair:3:   layout_regular_city, skrybe_swamp_entry_bodies, grunt_megastairs_3,
          infiniplex_staircase_pool_2, uniq_nessos, uniq_amaemon, uniq_kirke

Skill      XL: |  1  2  3  4  5  6  7  8  9 10 11 12 13 |
---------------+----------------------------------------+-----
Axes           | 4 5 6 7 9 10 12 14 16 | 16.1
Shields        | 2 4 5 6 7 9 10 13 | 13.5
Fighting       | 4 5 7 8 10 12 13 | 13.4
Armour         | 3 5 7 8 9 10 | 10.1
Throwing       | 2 3 |  3.1
Dodging        | 4 7 |  7.0

Action                   |  1- 3 |  4- 6 |  7- 9 | 10-12 | 13-15 || total
-------------------------+-------+-------+-------+-------+-------++-------
Melee: Hand axe          |    92 |    55 |       |       |       ||   147
       Headbutt          |    12 |    16 |    35 |   117 |    30 ||   210
       War axe           |       |    32 |   157 |   549 |    91 ||   829
       Flail             |       |       |       |     6 |       ||     6
       Demon whip        |       |       |       |       |     4 ||     4
Throw: Boomerang         |    11 |    20 |    55 |    69 |    11 ||   166
       Javelin           |       |       |       |     2 |       ||     2
Invok: Berserk           |     1 |     3 |    11 |    21 |     4 ||    40
       Brothers in Arms  |       |       |       |     6 |     1 ||     7
       Trog's Hand       |       |       |       |       |     1 ||     1
  Use: Scroll            |    12 |     5 |     5 |     8 |     1 ||    31
       Potion            |     1 |       |     1 |     2 |     2 ||     6
Armor: Animal skin       |    11 |       |       |       |       ||    11
       Leather armour    |       |    10 |       |       |       ||    10
       Chain mail        |       |    24 |    24 |    40 |    44 ||   132
       Plate armour      |       |       |    21 |   141 |       ||   162
       Ring mail         |       |       |    17 |       |       ||    17
Dodge: Dodged            |    46 |    27 |    73 |   184 |    81 ||   411
Block: Kite shield       |     5 |    39 |    71 |   282 |    91 ||   488

Table legend:
 A = Non-vault XP
 B = Vault XP
 C = Vault XP percentage of total XP
 D = Non-vault monster count
 E = Vault monster count
 F = Vault count percentage of total count
                 A         B        C        D         E       F
            +---------+---------+-------+---------+---------+-------
      Total |   33736 |   14108 |  29.5 |     298 |      84 |  22.0
            +---------+---------+-------+---------+---------+-------
        D:1 |      34 |      11 |  24.4 |      19 |       6 |  24.0
        D:2 |      44 |       0 |   0.0 |      12 |       0 |   0.0
        D:3 |     118 |      80 |  40.4 |      20 |       4 |  16.7
        D:4 |     106 |       0 |   0.0 |      13 |       0 |   0.0
        D:5 |    1257 |    1212 |  49.1 |      27 |      20 |  42.6
        D:6 |    1142 |     172 |  13.1 |      17 |       1 |   5.6
        D:7 |    2397 |     224 |   8.5 |      29 |      10 |  25.6
        D:8 |    2462 |      12 |   0.5 |      31 |       5 |  13.9
        D:9 |    1874 |    1590 |  45.9 |      20 |      13 |  39.4
       D:10 |    2605 |    5622 |  68.3 |      31 |      17 |  35.4
       D:11 |       0 |    1129 | 100.0 |       0 |       3 | 100.0
       D:12 |     552 |       0 |   0.0 |       3 |       0 |   0.0
     Lair:1 |    6857 |     767 |  10.1 |      25 |       1 |   3.8
     Lair:2 |    6555 |       0 |   0.0 |      25 |       0 |   0.0
     Lair:3 |    7733 |    3289 |  29.8 |      26 |       4 |  13.3
            +---------+---------+-------+---------+---------+-------
